 Dungeon Crawl Stone Soup version 0.30-a0-367-g839099abd5 (webtiles) character file.

Game seed: 14793017087786247516

199072 Querens the Sorcerer (level 17, -1/92 HPs)
             Began as a Deep Elf Conjurer on Nov 18, 2022.
             Was the Champion of Vehumet.
             Slain by an Executioner (22 damage)
             ... summoned by Asterion
             ... on level 4 of the Snake Pit.
             The game lasted 01:40:18 (15191 turns).

Querens the Sorcerer (Deep Elf Conjurer)           Turns: 15191, Time: 01:40:19

Health: -1/92      AC:  8    Str:  4    XL:     17   Next: 83%
Magic:  8/64       EV: 11    Int: 37    God:    Vehumet [******]
Gold:   1827       SH:  7    Dex: 13    Spells: 28/61 levels left

rFire   . . .      SeeInvis +    T - staff of conjuration
rCold   + + +      Faith    .    K - +2 buckler
rNeg    . . .      Spirit   .    l - +2 leather armour {rPois}
rPois   +          Reflect  .    Q - +3 hat of Pondering {ponderous, Will+ MP+10 Int+5}
rElec   +          Harm     .    O - +0 cloak
rCorr   .          Rampage  .    o - +0 pair of gloves
Will    ++...                    E - +1 pair of boots of Jeog {*Corrode rElec rC+++ SInv}
Stlth   ++........               j - amulet of magic regeneration
HPRegen 0.35/turn                N - ring of flight
MPRegen 0.79/turn                r - ring of magical power

@: corroded, flying, studying Transmutations, slow
A: no striking features
}: 1/15 runes: barnacled
a: Renounce Religion


You were on level 4 of the Snake Pit.
You worshipped Vehumet.
Vehumet was exalted by your worship.
You visited 6 branches of the dungeon, and saw 26 of its levels.
You also visited: Sewer.

You collected 3152 gold pieces.
You spent 1325 gold pieces at shops.

Inventory:

Missiles
 w - 6 curare-tipped darts
Armour
 l - a +2 leather armour of poison resistance (worn)
 o - a +0 pair of gloves (worn)
 q - a +0 troll leather armour {Pargi}
 x - a +1 leather armour of positive energy
 E - the +1 pair of boots of Jeog (worn) {*Corrode rElec rC+++ SInv}
   (You found it on level 8 of the Dungeon)

   rC:        It renders you almost immune to cold.
   rElec:     It insulates you from electricity.
   SInv:      It lets you see invisible.
   *Corrode:  It may corrode you when you take damage.
 K - a +2 buckler (worn)
 O - a +0 cloak (worn)
 P - a +1 robe of resistance
 Q - the +3 hat of Pondering (worn) {ponderous, Will+ MP+10 Int+5}
   (You found it on level 1 of the Orcish Mines)

   Int:       It affects your intelligence (+5).
   MP:        It affects your magic capacity (+10).
   Will:      It increases your willpower.
 W - the +0 leather armour of Greed {rCorr MP+9 Dex+3}
   (You found it on level 2 of the Shoals)

   Dex:       It affects your dexterity (+3).
   MP:        It affects your magic capacity (+9).
   rCorr:     It protects you from acid and corrosion.
 Z - a +1 robe of the Archmagi
Magical Staves
 C - a staff of fire
 T - a staff of conjuration (weapon)
Jewellery
 e - a +4 ring of slaying
 j - an amulet of magic regeneration (around neck)
 n - a ring of protection from fire
 r - a ring of magical power (right hand)
 H - a +6 ring of strength
 J - a +6 ring of dexterity
 N - a ring of flight (left hand)
 V - a ring of protection from cold
 X - an amulet of reflection
 Y - a ring of willpower
Scrolls
 c - 8 scrolls of teleportation
 f - 6 scrolls of blinking
 h - 6 scrolls of fog
 k - 8 scrolls of magic mapping
 m - 6 scrolls of amnesia
 p - 4 scrolls of enchant weapon
 s - 5 scrolls of enchant armour
 y - 9 scrolls of poison
 z - 5 scrolls of fear
 M - 3 scrolls of immolation
 S - 2 scrolls of silence
Potions
 a - 3 potions of attraction
 b - 4 potions of magic
 d - 4 potions of might
 g - a potion of mutation {unknown}
 i - 5 potions of brilliance
 t - 6 potions of curing
 v - 4 potions of heal wounds
 A - 4 potions of flight
 B - 2 potions of invisibility
 F - 3 potions of berserk rage
 G - 3 potions of cancellation
 I - 3 potions of resistance
 L - a potion of ambrosia {unknown}
 R - 5 potions of haste


   Skills:
 - Level 5.0 Fighting
 - Level 2.5 Dodging
 - Level 2.5 Stealth
 - Level 5.0 Shields
 + Level 22.5 Spellcasting
 + Level 19.6 Conjurations
 - Level 12.0 Translocations
 + Level 14.3 Fire Magic
 + Level 12.1 Earth Magic


You had 28 spell levels left.
You knew the following spells:

 Your Spells              Type           Power      Damage    Failure   Level
a - Magic Dart            Conj           100%       1d8       0%          1
b - Searing Ray           Conj           100%       2d8       0%          2
c - Iskenderun's Mystic   Conj/Tloc      100%       2d19      0%          4
d - Fulminant Prism       Conj/Hex       53%        3d23      1%          4
e - Fireball              Conj/Fire      64%        3d24      1%          5
f - Lehudib's Crystal Sp  Conj/Erth      63%        10d14     3%          8
g - Apportation           Tloc           100%       N/A       0%          1
h - Ignition              Fire           49%        3d14      7%          8

Your spell library contained the following spells:

 Spells                   Type           Power      Damage    Failure   Level
 Sandblast                Erth           100%       2d20      0%          1
 Blink                    Tloc           100%       N/A       0%          2
 Momentum Strike          Conj/Tloc      100%       3d10      0%          2
 Stone Arrow              Conj/Erth      100%       3d13      0%          3
 Beastly Appendage        Tmut           82%        N/A       1%          1
 Freeze                   Ice            100%       1d10      1%          1
 Necrotise                Necr           100%       1d9       1%          1
 Slow                     Hex            100%       N/A       1%          1
 Summon Small Mammal      Summ           100%       N/A       1%          1
 Call Imp                 Summ           41%        N/A       1%          2
 Passwall                 Tmut/Erth      60%        N/A       1%          2
 Wereblood                Tmut           41%        N/A       1%          2
 Dazzling Flash           Conj/Hex       100%       N/A       1%          3
 Frozen Ramparts          Ice            82%        1d13      1%          3
 Gell's Gravitas          Tloc           92%        N/A       1%          3
 Hailstorm                Conj/Ice       100%       3d20      1%          3
 Inner Flame              Hex/Fire       76%        N/A       1%          3
 Lesser Beckoning         Tloc           100%       N/A       1%          3
 Mephitic Cloud           Conj/Pois/Air  94%        N/A       1%          3
 Portal Projectile        Hex/Tloc       100%       N/A       1%          3
 Teleport Other           Tloc           92%        N/A       1%          3
 Vhi's Electric Charge    Tloc/Air       100%       N/A       1%          3
 Animate Armour           Summ/Erth      100%       N/A       1%          4
 Call Canine Familiar     Summ           41%        N/A       4%          3
 Confusing Touch          Hex            41%        N/A       4%          3
 Spider Form              Tmut/Pois      41%        N/A       4%          3
 Summon Guardian Golem    Hex/Summ       41%        N/A       4%          3
 Tukima's Dance           Hex            41%        N/A       4%          3
 Vampiric Draining        Necr           41%        2d8       4%          3
 Cause Fear               Hex            20%        N/A       14%         4
 Ice Form                 Ice/Tmut       41%        N/A       14%         4
 Summon Ice Beast         Ice/Summ       41%        N/A       14%         4
 Agony                    Necr           41%        N/A       36%         5
 Blade Hands              Tmut           20%        N/A       36%         5
 Simulacrum               Ice/Necr       20%        N/A       91%         6
 Discord                  Hex            20%        N/A       100%        8


Dungeon Overview and Level Annotations

Branches:
Dungeon (10/15)            Temple (1/1) D:6            Lair (5/5) D:10
 Shoals (4/4) Lair:3        Snake (4/4) Lair:3        Slime (0/5) Lair:4
    Orc (2/2) D:9             Elf (0/3) Orc:2         Sewer (visited)

Altars:
Ashenzari
Cheibriados
Fedhas
Kikubaaqudgha
Makhleb
Okawaru
Qazlal
Vehumet
Wu Jian
Xom
Yredelemnul
The Shining One
Jiyva

Shops:
D:7 =   Orc:2 :(?[   Shoals:1 [   Snake:4 =(

Portals:
Hell: Lair:5

Annotations:
D:7 1 runed translucent door, choppaz's ghost, novice GrEE
Shoals:2 2 transporters, exclusion: orange crystal statue
Snake:4 Asterion


Message History

The mystic blast hits the Executioner.
The Executioner is heavily wounded.
The Executioner is knocked back by the mystic blast.
Unknown command.
Unknown command.
Unknown command.
Casting: Iskenderun's Mystic Blast (safe; 0% risk of failure)
Confirm with . or Enter, or press ? or * to list all spells.
You feel a surge of power!
You erupt in a blast of force!
The mystic blast hits the Executioner!!
The Executioner is almost dead.
The Executioner is knocked back by the mystic blast.
The Executioner collides with Asterion!
Asterion is moderately wounded.
The Executioner is almost dead.
The Executioner gestures.
The Executioner seems to speed up.
Unknown command.
Casting: Iskenderun's Mystic Blast (safe; 0% risk of failure)
Confirm with . or Enter, or press ? or * to list all spells.
Aiming: Lehudib's Crystal Spear (dangerous; 3% risk of failure)
Press: ? - help, Shift-Dir - straight line, f/p - Asterion
Aim: Asterion, wielding a +2 vampiric demon whip, wearing a +3 chain mail of fire resistance and wearing a +0 kite shield (moderately wounded, fast, 100% to hit)
You feel a surge of power!
The crystal spear hits Asterion!!!
Asterion is severely wounded.
The Executioner barely misses you. The Executioner hits you. x2
Unknown command.
Casting: Lehudib's Crystal Spear (dangerous; 3% risk of failure)
Confirm with . or Enter, or press ? or * to list all spells.
You don't have enough magic to cast this spell.
Unknown command.
Asterion attacks as you move away!
Asterion hits you with a +2 vampiric demon whip.
Asterion draws strength from your wounds!
You block Asterion's attack. The Executioner hits you!
* * * LOW HITPOINT WARNING * * *
Your corrosive artefact corrodes you!
The Executioner hits you.
* * * LOW HITPOINT WARNING * * *
The Executioner barely misses you. The Executioner hits you!!
You die...

**### *******,..*
#####*,,,,,,..,*
#...#*,,,,,,.,,*
#.[.#*,,,,,.#*** *****
##...#######.#####*,,,***
#.......@1......:.^,,,,,,
###..#####H†#####*,,,,,**
##...##.........,*****
#....##.#.######** *
#....#....# * #........##
*#### ** ##...#....#
#...# *,
#......#.###...#**#**,
#......#....|..##.....


You could see Asterion (fast) and an Executioner (summoned, fast).

Vanquished Creatures
  Bai Suzhen (Shoals:4)
  The ghost of Jemet the Peltast, an adept DDFi of Makhleb (Shoals:3)
  3 nagarajas (Snake:4)
  Ilsuiw (Shoals:3)
  An orc warlord (Orc:2)
  10 merfolk impalers
  7 merfolk javelineers
  Josephine (Orc:1)
  9 hydras
  An ogre mage (Orc:2)
  A catoblepas (Lair:5)
  A boulder beetle (Lair:2)
  2 alligators (Shoals:2)
  3 alligator snapping turtles
  3 merfolk avatars
  3 two-headed ogres
  A merfolk aquamancer (Shoals:4)
  15 death yaks
  2 satyrs
  6 anacondas
  6 naga sharpshooters
  Urug (Orc:1)
  7 shock serpents
  10 naga warriors
  An orc high priest (Orc:1)
  Nergalle (Orc:2)
  A sixfirhy (Lair:5)
  A salamander mystic (Snake:4)
  A goliath frog (Shoals:2)
  17 sea snakes
  4 naga ritualists
  3 orc knights
  A wizard (Lair:5)
  24 harpies
  9 orc sorcerers (Orc:2)
  6 cyclopes
  11 fauns
  8 mana vipers
  2 deep elf pyromancers (Orc:1)
  11 manticores
  3 salamanders
  5 merfolk sirens
  3 guardian serpents
  23 elephants
  5 water nymphs
  2 orange demons (Lair:5)
  56 black mambas
  A torpor snail (Lair:4)
  Maurice (Orc:1)
  13 naga magi
  A smoke demon (Lair:5)
  6 rime drakes
  14 cane toads
  5 komodo dragons
  A spectral water nymph (Shoals:3)
  2 spectral merfolk (Shoals:3)
  A red devil (Lair:5)
  4 trolls
  2 ice devils (Lair:5)
  7 polar bears
  35 merfolk
  4 wind drakes
  A hornet (Lair:4)
  A blink frog (Lair:5)
  12 dream sheep
  14 snapping turtles
  Sigmund (D:4)
  5 wyverns
  8 water elementals
  3 wraiths (Orc:1)
  53 yaks
  2 steam dragons
  2 basilisks
  2 vampire mosquitoes (D:10)
  Grum (D:9)
  3 wargs
  33 nagas
  12 water moccasins
  5 hell hounds (Lair:5)
  3 merfolk simulacra (Shoals:3)
  An acid dragon (D:10)
  A spectral snapping turtle (Shoals:3)
  A swamp drake (Orc:1)
  Pargi (Sewer)
  An ice beast (D:6)
  A satyr simulacrum (Shoals:3)
  A sky beast (D:7)
  6 black bears
  23 orc warriors
  12 wolves
  11 ogres
  3 kobold brigands
  13 bullfrogs
  Blork the orc (D:6)
  3 scorpions (D:5)
  5 necrophages
  7 gnoll sergeants
  4 wights (D:7)
  3 jellies (D:5)
  8 killer bees (D:10)
  A manticore simulacrum (Shoals:3)
  6 howler monkeys
  A crimson imp (Orc:1)
  2 gnoll boudas
  6 orc priests
  7 hounds
  An iron imp (Orc:1)
  Jessica (D:2)
  31 orc wizards
  Ijyb (D:3)
  2 iguanas
  10 hell rats
  28 gnolls
  12 adders
  A river rat (D:3)
  A shadow imp (Orc:1)
  2 white imps
  An ufetubus (D:7)
  A worm (D:5)
  6 dart slugs
  70 orcs
  11 ball pythons
  A bat (D:1)
  4 endoplasms
  3 giant cockroaches
  11 goblins
  10 hobgoblins
  2 quokkas
  3 frilled lizards
  23 kobolds
  5 rats
  A fulminant prism (Orc:1)
923 creatures vanquished.

Vanquished Creatures (others)
  Nikola (Shoals:4)
  A merfolk avatar (Shoals:4)
  2 merfolk aquamancers (Shoals:4)
  A naga (Snake:1)
  A dart slug (D:2)
  2 orcs
  An endoplasm (D:2)
  A rat (D:2)
  3 bushes (Lair:5)
  43 fulminant prisms
  57 fungi
  101 plants
214 creatures vanquished.

Grand Total: 1137 creatures vanquished

Notes
Turn   | Place    | Note
-------+----------+-------------------------------------------
     0 | D:1      | Querens the Deep Elf Conjurer began the quest for the Orb.
     0 | D:1      | Reached XP level 1. HP: 10/10 MP: 6/6
   170 | D:1      | Reached XP level 2. HP: 15/15 MP: 4/8
   366 | D:1      | Learned a level 2 spell: Searing Ray
   771 | D:2      | Reached skill level 4 in Spellcasting
   771 | D:2      | Reached XP level 3. HP: 16/19 MP: 5/10
   833 | D:2      | Reached skill level 5 in Conjurations
  1043 | D:2      | Reached XP level 4. HP: 24/24 MP: 7/12
  1047 | D:2      | Noticed Jessica
  1051 | D:2      | Killed Jessica
  1395 | D:3      | Found a glowing drain.
  1405 | D:3      | Reached skill level 5 in Spellcasting
  1426 | Sewer    | Entered a sewer
  1472 | Sewer    | Noticed Pargi
  1480 | Sewer    | Killed Pargi
  1481 | Sewer    | Reached XP level 5. HP: 20/28 MP: 5/15
  1488 | Sewer    | Learned a level 4 spell: Iskenderun's Mystic Blast
  1493 | Sewer    | Learned a level 4 spell: Fulminant Prism
  1603 | D:3      | Noticed Ijyb
  1616 | D:3      | Killed Ijyb
  1617 | D:3      | Reached skill level 6 in Spellcasting
  1743 | D:3      | Reached XP level 6. HP: 32/32 MP: 17/17
  2098 | D:4      | Reached skill level 7 in Spellcasting
  2145 | D:4      | Noticed Sigmund
  2159 | D:4      | Killed Sigmund
  2160 | D:4      | Reached XP level 7. HP: 25/36 MP: 16/20
  2167 | D:4      | Reached skill level 8 in Spellcasting
  2502 | D:5      | Entered Level 5 of the Dungeon
  2558 | D:5      | You fall into a shaft and drop 3 floors!
  2604 | D:8      | Noticed a two-headed ogre
  2804 | D:7      | Reached skill level 9 in Spellcasting
  2804 | D:7      | Reached XP level 8. HP: 20/41 MP: 21/23
  2892 | D:6      | Noticed Blork the orc
  2898 | D:6      | Killed Blork the orc
  2916 | D:6      | Reached skill level 10 in Spellcasting
  3219 | D:5      | Found a broken altar of Ashenzari.
  3283 | D:5      | Reached skill level 1 in Translocations
  3633 | D:5      | Reached skill level 11 in Spellcasting
  3633 | D:5      | Reached skill level 10 in Conjurations
  3633 | D:5      | Reached XP level 9. HP: 42/45 MP: 26/26
  4050 | D:6      | Found a staircase to the Ecumenical Temple.
  4062 | Temple   | Entered the Ecumenical Temple
  4081 | Temple   | Became a worshipper of Vehumet
  4113 | D:6      | Found a blossoming altar of Fedhas.
  4311 | D:7      | Found a runed translucent door.
  4317 | D:7      | Noticed choppaz's ghost (novice GrEE)
  4327 | D:7      | Found a huge runed translucent gate.
  4327 | D:7      | Found a huge runed translucent gate.
  4327 | D:7      | Found a huge runed translucent gate.
  4327 | D:7      | Found a huge runed translucent gate.
  4327 | D:7      | Noticed a polar bear
  4328 | D:7      | Noticed a manticore
  4328 | D:7      | Noticed a polar bear
  4328 | D:7      | Noticed a polar bear
  4328 | D:7      | Noticed a polar bear
  4329 | D:7      | Noticed a death yak
  4388 | D:7      | Found Axkuel's Jewellery Shoppe.
  4656 | D:7      | Reached skill level 12 in Spellcasting
  4672 | D:7      | Reached * piety under Vehumet
  4672 | D:7      | Offered knowledge of Freeze by Vehumet.
  4808 | D:7      | Reached skill level 5 in Translocations
  4809 | D:7      | Reached skill level 1 in Shields
  4809 | D:7      | Killed a polar bear
  4810 | D:7      | Reached XP level 10. HP: 48/50 MP: 28/28
  4816 | D:7      | Killed a manticore
  4817 | D:7      | Killed a death yak
  4818 | D:7      | Reached skill level 13 in Spellcasting
  4936 | D:7      | Found an ornate altar of the Wu Jian Council.
  5035 | D:8      | Identified the +1 pair of boots of Jeog {*Corrode rElec
                  | rC+++ SInv}
  5170 | D:8      | Found an iron altar of Okawaru.
  5176 | D:8      | Found a glowing golden altar of the Shining One.
  5285 | D:8      | Killed a two-headed ogre
  5434 | D:9      | Noticed Grum
  5447 | D:9      | Killed Grum
  5447 | D:9      | Reached ** piety under Vehumet
  5516 | D:9      | Offered knowledge of Kiss of Death by Vehumet.
  5537 | D:9      | Found a staircase to the Orcish Mines.
  5542 | D:9      | Reached XP level 11. HP: 51/54 MP: 30/30
  5967 | D:9      | Offered knowledge of Frozen Ramparts by Vehumet.
  6022 | D:10     | Entered Level 10 of the Dungeon
  6082 | D:10     | Reached *** piety under Vehumet
  6122 | D:10     | Reached skill level 14 in Spellcasting
  6255 | D:10     | Noticed a two-headed ogre
  6265 | D:10     | Killed a two-headed ogre
  6306 | D:10     | Found a shimmering altar of Xom.
  6436 | D:10     | Found a snail-covered altar of Cheibriados.
  6465 | D:10     | Found a staircase to the Lair.
  6471 | D:10     | Noticed a two-headed ogre
  6479 | D:10     | Killed a two-headed ogre
  6650 | Orc:1    | Entered Level 1 of the Orcish Mines
  6664 | Orc:1    | Noticed Maurice
  6667 | Orc:1    | Offered knowledge of Olgreb's Toxic Radiance by Vehumet.
  6676 | Orc:1    | Reached skill level 5 in Shields
  6680 | Orc:1    | Noticed an orc knight
  6685 | Orc:1    | Killed Maurice
  6704 | Orc:1    | Killed an orc knight
  6779 | Orc:1    | Found a burning altar of Makhleb.
  6878 | Orc:2    | Entered Level 2 of the Orcish Mines
  6878 | Orc:2    | Noticed an orc warlord
  6878 | Orc:2    | Noticed an orc sorcerer
  6880 | Orc:2    | Killed an orc sorcerer
  6883 | Orc:2    | Reached **** piety under Vehumet
  6890 | Orc:2    | Offered knowledge of Yara's Violent Unravelling by Vehumet.
  6907 | Orc:2    | Killed an orc warlord
  6908 | Orc:2    | Reached skill level 15 in Spellcasting
  6919 | Orc:2    | Found a staircase to the Elven Halls.
  6995 | Orc:2    | Noticed an orc knight
  6999 | Orc:2    | Noticed an orc knight
  7010 | Orc:2    | Killed an orc knight
  7011 | Orc:2    | Reached XP level 12. HP: 54/59 MP: 30/33
  7097 | Orc:2    | Found Zesasia's Book Boutique.
  7117 | Orc:2    | Noticed Nergalle
  7123 | Orc:2    | Reached skill level 10 in Translocations
  7125 | Orc:2    | Killed Nergalle
  7191 | Orc:2    | Found a radiant altar of Vehumet.
  7191 | Orc:2    | Noticed an ogre mage
  7200 | Orc:2    | Killed an ogre mage
  7201 | Orc:2    | Reached skill level 16 in Spellcasting
  7211 | Orc:2    | Reached ***** piety under Vehumet
  7250 | Orc:2    | Offered knowledge of Fireball by Vehumet.
  7257 | Orc:2    | Learned a level 5 spell: Fireball
  7310 | Orc:2    | Found Houn's Antique Armour Boutique.
  7317 | Orc:2    | Reached skill level 1 in Fire Magic
  7321 | Orc:2    | Found Jeof's Antique Weapon Shop.
  7327 | Orc:2    | Found Qaibi's Magic Scroll Boutique.
  7339 | Orc:2    | Bought a scroll of identify for 30 gold pieces
  7339 | Orc:2    | Bought a scroll of amnesia for 60 gold pieces
  7339 | Orc:2    | Bought a scroll of noise for 15 gold pieces
  7339 | Orc:2    | Bought a scroll of vulnerability for 60 gold pieces
  7339 | Orc:2    | Bought a scroll of poison for 60 gold pieces
  7374 | Orc:2    | Found an ancient bone altar of Kikubaaqudgha.
  7402 | Orc:2    | Bought a book of Armaments for 540 gold pieces
  7513 | Orc:1    | Noticed Josephine
  7513 | Orc:1    | Noticed an orc high priest
  7516 | Orc:1    | Killed an orc high priest
  7518 | Orc:1    | Killed Josephine
  7525 | Orc:1    | Noticed Urug
  7540 | Orc:1    | Killed Urug
  7613 | Orc:1    | Found the +3 hat of Pondering {ponderous, Will+ MP+10
                  | Int+5}
  7830 | Lair:1   | Entered Level 1 of the Lair of Beasts
  8094 | Lair:1   | Reached XP level 13. HP: 63/63 MP: 35/35
  8487 | Lair:2   | Reached skill level 17 in Spellcasting
  8608 | Lair:2   | Reached skill level 15 in Conjurations
  8608 | Lair:2   | Reached skill level 5 in Fire Magic
  8909 | Lair:3   | Found a staircase to the Snake Pit.
  9163 | Lair:3   | Found a staircase to the Shoals.
  9177 | Lair:3   | Reached skill level 18 in Spellcasting
  9636 | Lair:4   | Reached XP level 14. HP: 68/68 MP: 38/38
  9663 | Lair:4   | Learned a level 8 spell: Lehudib's Crystal Spear
  9857 | Lair:4   | Reached skill level 1 in Earth Magic
  9866 | Lair:4   | Offered knowledge of Iskenderun's Battlesphere by Vehumet.
  9908 | Lair:4   | Found a runed translucent door.
 10170 | Lair:4   | Found a viscous altar of Jiyva.
 10170 | Lair:4   | Found a staircase to the Slime Pits.
 10179 | Lair:4   | You fall into a shaft and drop 1 floor!
 10179 | Lair:5   | Entered Level 5 of the Lair of Beasts
 10297 | Lair:5   | Reached ****** piety under Vehumet
 10307 | Lair:5   | Reached skill level 19 in Spellcasting
 10509 | Lair:5   | Reached skill level 5 in Earth Magic
 10849 | Lair:5   | Offered knowledge of Irradiate by Vehumet.
 10856 | Lair:5   | Reached skill level 10 in Fire Magic
 10865 | Lair:5   | Found a burning altar of Makhleb.
 10878 | Lair:5   | Found a gateway to Hell.
 10956 | Lair:5   | Reached XP level 15. HP: 72/72 MP: 40/40
 11051 | Shoals:1 | Entered Level 1 of the Shoals
 11104 | Shoals:1 | Got the Omnibus of Septic Ice
 11112 | Shoals:1 | Found Afatwor's Magic Scroll Shop.
 11134 | Shoals:1 | Found Etuaxkibb's Antique Armour Boutique.
 11137 | Shoals:1 | Bought a scroll of identify for 34 gold pieces
 11137 | Shoals:1 | Bought a scroll of fear for 68 gold pieces
 11137 | Shoals:1 | Bought a scroll of identify for 34 gold pieces
 11137 | Shoals:1 | Bought a scroll of identify for 34 gold pieces
 11137 | Shoals:1 | Bought a scroll of identify for 34 gold pieces
 11151 | Shoals:1 | Identified a scroll of acquirement
 11152 | Shoals:1 | Acquired 527 gold pieces
 11155 | Shoals:1 | Bought a scroll of magic mapping for 127 gold pieces
 11155 | Shoals:1 | Bought a scroll of magic mapping for 127 gold pieces
 11155 | Shoals:1 | Bought a scroll of teleportation for 51 gold pieces
 11155 | Shoals:1 | Bought a scroll of teleportation for 51 gold pieces
 11365 | Shoals:1 | Offered knowledge of Iron Shot by Vehumet.
 11493 | Shoals:2 | Found a transporter.
 11506 | Shoals:2 | Found a transporter.
 11523 | Shoals:2 | Reached skill level 20 in Spellcasting
 11561 | Shoals:2 | Reached skill level 1 in Fighting
 11799 | Shoals:2 | Identified the +0 leather armour of Greed {rCorr MP+9
                  | Dex+3}
 11940 | Shoals:2 | Learned a level 1 spell: Apportation
 11961 | Shoals:3 | Noticed Ilsuiw
 11965 | Shoals:3 | Offered knowledge of Ozocubu's Refrigeration by Vehumet.
 11966 | Shoals:3 | Killed Ilsuiw
 11998 | Shoals:3 | Reached XP level 16. HP: 83/83 MP: 42/42
 12167 | Shoals:3 | Found a runed translucent gate.
 12167 | Shoals:3 | Found a runed translucent gate.
 12167 | Shoals:3 | Found a runed translucent gate.
 12168 | Shoals:3 | Noticed Jemet's ghost (adept DDFi)
 12190 | Shoals:3 | Killed Jemet's ghost
 12472 | Shoals:4 | Entered Level 4 of the Shoals
 12552 | Shoals:4 | Offered knowledge of Freezing Cloud by Vehumet.
 12604 | Shoals:4 | Reached skill level 21 in Spellcasting
 12711 | Shoals:4 | Noticed Nikola
 12718 | Shoals:4 | Killed Nikola
 12723 | Shoals:4 | Noticed Bai Suzhen
 12807 | Shoals:4 | Reached skill level 5 in Fighting
 12810 | Shoals:4 | Killed Bai Suzhen
 12811 | Shoals:4 | Reached skill level 10 in Earth Magic
 13054 | Shoals:4 | Got Uryss's Codex of Wintry Clouds
 13134 | Shoals:4 | Got a barnacled rune of Zot
 13282 | Snake:1  | Entered Level 1 of the Snake Pit
 13402 | Snake:1  | Reached XP level 17. HP: 30/92 MP: 43/44
 13855 | Snake:2  | Offered knowledge of Ignition by Vehumet.
 14228 | Snake:3  | Learned a level 8 spell: Ignition
 14327 | Snake:3  | Reached skill level 22 in Spellcasting
 14950 | Snake:4  | Entered Level 4 of the Snake Pit
 14953 | Snake:4  | Found Kushroegh's Weapon Emporium.
 14965 | Snake:4  | Found Zoithrilei's Jewellery Emporium.
 15177 | Snake:4  | Noticed Asterion
 15191 | Snake:4  | Slain by an Executioner

Illustrated notes

Levels and vault maps discovered:
D:1:      dpeg_arrival_rhombus, layout_basic
D:2:      layout_loops_ring, lemuel_flame_loot_1, uniq_jessica
D:3:      corexii_shack_village, layout_basic, portal_sewer_entry_b, uniq_ijyb
D:4:      layout_basic, uniq_sigmund
D:5:      minmay_skewed_foursquare, layout_loops_corners,
          evilmike_ruin_ashenzari
D:6:      minmay_klotski, layout_layer_cave, nicolae_overflow_crystal_walls,
          minmay_temple_entry_hall, uniq_maggie, uniq_blork_the_orc
D:7:      lemuel_bear_cage, layout_basic, pdpol_wu_jian_five_deadly_venoms,
          ebering_ghost_reflecting_pool, hangedman_decor_growths,
          minmay_shop_enchanted_jewellery
D:8:      layout_gridville, grunt_temple_overflow_open, chequers_mini_garden
D:9:      layout_long_grid, kennysheep_orc_monster_closet_entryway, uniq_grum
D:10:     layout_small_grid, xom_teletrap_fun, minitemple, lair_entry_dummy,
          kennysheep_generic_room_10
Temple:   oiseaux_autumnal_temple
Lair:1:   layout_cave_pods, hibernation_bobbens, grunt_megastairs_5,
          lemuel_fruit_tree
Lair:2:   layout_loops_ring, cheibrodos_lair_lostbears
Lair:3:   layout_layer_cave, minmay_shoals_entry_hut,
          guppyfry_snake_entry_island, st_stairs_3
Lair:4:   layout_cave_pods, dpeg_slime_entry_enclosed, pf_torpor_hydra
Lair:5:   evil_forest, layout_loops_ring
Shoals:1: layout_shoals, serial_shops, shop_statue, shop
Shoals:2: gammafunk_sealed_arena, layout_shoals, nicolae_shoals_goliath_grotto
Shoals:3: layout_shoals, gammafunk_ghost_necromancy, uniq_ilsuiw
Shoals:4: shoals_end_hangedman, layout_shoals, shoals_ilsuiw_ice,
          uniq_bai_suzhen, uniq_nikola
Snake:1:  nicolae_snake_crotalidae_crossing, layout_misc_corridors
Snake:2:  layout_onion, serial_bayou_shore_b
Snake:3:  layout_onion_interference, grunt_megastairs_4
Snake:4:  johnstein_snake_rune_scales, layout_misc_corridors,
          hangedman_venom_bottle, minmay_shop_star, uniq_aizul, uniq_asterion
Orc:1:    layout_caves, basic_altar, hangedman_minor_magic, uniq_maurice,
          uniq_josephine, uniq_urug
Orc:2:    kennysheep_orc_mage_school, layout_diamond_mine

Skill      XL: |  1  2  3  4  5  6  7  8  9 10 11 12 13 14 15 16 17 |
---------------+----------------------------------------------------+-----
Spellcasting   | 4 5 6 7 9 11 12 13 15 16 18 19 20 21 22 | 22.5
Conjurations   | 5 6 7 8 10 11 12 13 14 16 17 18 19 | 19.6
Translocations | 2 5 7 9 11 12 | 12.0
Shields        | 1 4 5 |  5.0
Fire Magic     | 4 7 10 11 13 14 | 14.3
Earth Magic    | 6 8 10 12 | 12.1
Fighting       | 3 5 |  5.0
Dodging        | |  2.5
Stealth        | |  2.5

Action                   |  1- 3 |  4- 6 |  7- 9 | 10-12 | 13-15 | 16-18 || total
-------------------------+-------+-------+-------+-------+-------+-------++-------
Melee: Short sword       |    21 |       |       |       |       |       ||    21
       Punch             |     1 |     1 |       |       |       |       ||     2
       Club              |       |    37 |     9 |       |       |       ||    46
       Falchion          |       |       |       |    34 |    22 |       ||    56
       Staff             |       |       |       |       |     9 |    26 ||    35
 Cast: Magic Dart        |    31 |    13 |     5 |     5 |       |       ||    54
       Searing Ray       |     4 |    21 |    63 |    18 |       |       ||   106
       Iskenderun's Myst |       |       |    14 |   151 |   269 |   112 ||   546
       Fulminant Prism   |       |       |       |    42 |     1 |     1 ||    44
       Fireball          |       |       |       |       |   157 |   176 ||   333
       Lehudib's Crystal |       |       |       |       |       |    41 ||    41
       Ignition          |       |       |       |       |       |    21 ||    21
Evoke: Wand              |       |       |     1 |       |    10 |       ||    11
  Use: Scroll            |       |       |     9 |     2 |     7 |     6 ||    24
       Potion            |       |       |     1 |       |     1 |     5 ||     7
 Stab: Sleeping          |     5 |     1 |     1 |       |       |       ||     7
       Paralysed         |       |       |       |       |     7 |       ||     7
Armor: Robe              |     5 |     6 |       |       |       |       ||    11
       Troll leather arm |       |    11 |    20 |    24 |    52 |    11 ||   118
       Leather armour    |       |       |       |       |       |    21 ||    21
Dodge: Dodged            |     8 |    31 |    42 |    50 |    83 |    47 ||   261
Block: Buckler           |       |       |       |    23 |    46 |    46 ||   115

Table legend: (Time is in decaauts)
 A = Elapsed time spent in this place.
 B = Non-inter-level travel time spent in this place.
 C = Inter-level travel time spent in this place.
 D = Time resting spent in this place.
 E = Time spent auto-exploring this place.
 F = Levels seen in this place.
 G = Mean time per level.
                   A        B        C        D        E       F      G
               +--------+--------+--------+--------+--------+-----+--------+
         Total |  16056 |  14451 |   1605 |     25 |      8 |  27 |  594.7 |
       Dungeon |   6594 |   5894 |    700 |      0 |      0 |  10 |  659.4 |
        Temple |     35 |     20 |     15 |      0 |      8 |   1 |   35.0 |
          Lair |   3564 |   3233 |    331 |      3 |      0 |   5 |  712.8 |
        Shoals |   2550 |   2291 |    259 |     18 |      0 |   4 |  637.5 |
     Snake Pit |   2066 |   1834 |    232 |      0 |      0 |   4 |  516.5 |
  Orcish Mines |   1107 |   1042 |     65 |      4 |      0 |   2 |  553.5 |
         Sewer |    137 |    137 |      0 |      0 |      0 |   1 |  137.0 |
               +--------+--------+--------+--------+--------+-----+--------+

Top non-repeatable levels by time:
  Lair:3: 869 daAuts
  Lair:5: 828 daAuts
     D:5: 821 daAuts
 Snake:3: 812 daAuts
     D:7: 806 daAuts
     D:1: 758 daAuts
Shoals:4: 706 daAuts
  Lair:4: 689 daAuts
     D:9: 687 daAuts
     D:8: 675 daAuts
  Lair:1: 673 daAuts
   Orc:2: 658 daAuts
Shoals:3: 656 daAuts
     D:2: 620 daAuts
 Snake:1: 618 daAuts
